 Dungeon Crawl Stone Soup version 0.18-a0-1800-gdc7a371 (webtiles) character file.

18062 Moloch the Severer (level 12, -4/101 HPs)
             Began as a Minotaur Fighter on Apr 24, 2016.
             Was the Champion of Okawaru.
             Slain by an orc warlord
             ... wielding a +0 war axe
              (26 damage)
             ... on level 1 of the Orcish Mines.
             The game lasted 00:29:15 (14278 turns).

Moloch the Severer (Minotaur Fighter)              Turns: 14278, Time: 00:29:15

Health: -4/101     AC: 19    Str: 25    XL:     12   Next: 24%
Magic:  8/11       EV:  9    Int:  3    God:    Okawaru [******]
Gold:   625        SH: 11    Dex: 11    Spells: 1 memorised, 9 levels left

rFire  . . .     SeeInvis .     J - +1 war axe (flame)
rCold  . . .     Gourm    .     m - +0 plate armour
rNeg   . . .     Faith    .     c - +0 shield
rPois  +         Spirit   .     T - +2 hat
rElec  .         Dismiss  .     B - +0 cloak
rCorr  .         Reflect  .     (no gloves)
SustAt +         Harm     .     (no boots)
MR     .....                    (no amulet)
Stlth  ..........               z - ring of sustain attributes
                                e - ring of poison resistance

@: heroism, drained, not resistant to hostile enchantments, extremely unstealthy
A: retaliatory headbutt, horns 2, dopey 1, mutation resistance 1
a: Heroism, Finesse, Renounce Religion


You were on level 1 of the Orcish Mines.
You worshipped Okawaru.
Okawaru was exalted by your worship.
You were not hungry.

You visited 3 branches of the dungeon, and saw 14 of its levels.

You collected 997 gold pieces.
You spent 372 gold pieces at shops.

Inventory:

Hand Weapons
 t - a +0 bardiche
 y - a +1 executioner's axe of flaming
 J - a +1 war axe of flaming (weapon)
Missiles
 F - 5 javelins of returning (quivered)
 L - 2 throwing nets
Armour
 c - a +0 shield (worn)
 m - a +0 plate armour (worn)
 B - a +0 cloak (worn)
 T - a +2 hat (worn)
Jewellery
 e - a ring of poison resistance (left hand)
 n - an uncursed ring of flight
 z - a ring of sustain attributes (right hand)
Wands
 s - a wand of flame (22/48)
 H - a wand of confusion (23/48)
 K - a wand of digging (9/24)
 M - a wand of lightning (1/15)
 R - a wand of slowing (18/48)
 S - a wand of flame (16/48)
Scrolls
 b - 2 scrolls of immolation
 d - 5 scrolls of teleportation
 j - 5 scrolls of remove curse
 l - 3 scrolls of fear {unknown}
 o - 2 scrolls of recharging {unknown}
 x - a scroll of identify
 C - 2 scrolls of magic mapping
 D - 3 scrolls of enchant armour {unknown}
 V - a scroll of enchant weapon
Potions
 k - a potion of berserk rage
 p - a potion of lignification
 q - a potion of invisibility
 r - 2 potions of flight
 u - a potion of mutation
 v - 6 potions of curing
 w - a potion of experience
 N - 2 potions of resistance {unknown}
 O - a potion of brilliance {unknown}
 P - 3 potions of might
Books
 G - a book of the Sky

   Spells                             Type                      Level
   a - Summon Lightning Spire         Summoning/Air                4
   b - Airstrike                      Air                          4
   c - Silence                        Hexes/Air                    5
   d - Deflect Missiles               Charms/Air                   6
   e - Conjure Ball Lightning         Conjuration/Air              6
   f - Tornado                        Air                          9
Comestibles
 a - 3 chunks of flesh
 f - 8 bread rations
 g - 2 slices of pizza
 h - 6 fruits
 i - a meat ration
 I - 8 beef jerkies


   Skills:
 - Level 8.1(12.7) Fighting
 + Level 19.5(24.1) Axes
 - Level 8.4(13.0) Armour
 - Level 3.8(8.5) Dodging
 - Level 3.6(8.2) Shields


You had 9 spell levels left.
You knew the following spells:

 Your Spells              Type           Power        Failure   Level  Hunger
a - Blink                 Tloc           N/A          100%        2    ###....


Dungeon Overview and Level Annotations

Branches:
Dungeon (11/15)            Temple (1/1) D:4            Lair (0/8) D:8
    Orc (2/2) D:10            Elf (0/3) Orc:2

Altars:
Ashenzari
Cheibriados
Dithmenos
Elyvilon
Fedhas
Gozag
Kikubaaqudgha
Makhleb
Nemelex Xobeh
Okawaru
Pakellas
Qazlal
Ru
Sif Muna
Trog
Vehumet
Xom
Yredelemnul
Zin
The Shining One

Shops:
D:10 *:(   Orc:1 (:?[   Orc:2 [


Innate Abilities, Weirdness & Mutations

You reflexively headbutt those who attack you in melee.
You have a pair of horns on your head.
You are dopey. (Int -2)
You are somewhat resistant to further mutation.


Message History

You closely miss the orc warlord.
The orc warlord is almost dead.
The orc warlord hits you with a war axe!!
* * * LOW HITPOINT WARNING * * *
You hit the orc warlord but do no damage.
You headbutt the orc warlord, but do no damage.
The orc warlord is almost dead.
You barely miss the orc warlord.
The orc warlord is almost dead.
The orc warlord hits you but does no damage.
You completely miss the orc warlord. Your headbutt misses the orc warlord.
The orc warlord is almost dead.
You slash the orc warlord! You burn the orc warlord.
You headbutt the orc warlord.
The orc warlord is almost dead.
The orc warlord barely misses you.
Your plate armour prevents you from hitting the orc warlord.
The orc warlord is almost dead.
The orc warlord hits you with a war axe!!
You die...

#####.#.......#
##..###.......##
##....##.....###
##....##......# #####
##.....##......###..##
#.....................
#........[............
#...o[[..)....##.#....
#....@[........#.##...
#...)[).......#...#[♣.
##.#.........#...###.)
#...#....#........##∩[
##.##.....##.#....))).
###.....##.##.##.....
##.#....#.........#..
#...##..#........##.[
##..##.......#..####..


You could see an orc warlord.

Vanquished Creatures
  An orc warlord (D:10)
  Erica (D:9)
  An orc high priest (Orc:1)
  2 deep elf magi (D:10)
  3 orc sorcerers (Orc:1)
  A centaur zombie (D:10)
  The ghost of turtle the Ruffian, a novice TrWr (D:5)
  6 centaur skeletons
  3 trolls
  A two-headed ogre (Orc:1)
  2 wraiths (D:10)
  2 basilisks
  A steam dragon (D:10)
  2 hungry ghosts (D:7)
  5 wargs
  A water moccasin (D:7)
  Duvessa (D:4)
  4 porcupines (D:8)
  A swamp drake (D:10)
  2 ice beasts
  27 orc warriors
  A sky beast (D:8)
  An eye of draining (D:9)
  A black bear (D:10)
  4 necrophages
  15 ogres
  A crocodile (D:7)
  3 centaurs
  5 giant frogs
  2 gnoll sergeants
  Dowan (D:4)
  2 scorpions (D:4)
  15 killer bees
  A crimson imp (D:10)
  6 howler monkeys
  A quasit (D:9)
  A gnoll shaman (Orc:2)
  3 hounds
  2 jellies
  A giant frog skeleton (D:4)
  2 giant frog zombies
  17 orc priests
  An iron imp (D:10)
  24 orc wizards
  5 iguanas
  6 worker ants
  9 sheep (D:8)
  A hound skeleton (D:9)
  2 howler monkey zombies
  14 gnolls
  A howler monkey skeleton (D:9)
  9 adders
  2 river rats (D:8)
  4 shadow imps
  A white imp (D:10)
  2 adder skeletons (D:5)
  3 worms
  3 giant geckos
  68 orcs
  3 bats
  6 giant cockroaches
  10 hobgoblins
  9 jackals
  10 quokkas
  A ball python (D:3)
  A giant gecko skeleton (D:7)
  2 giant newts
  4 goblins
  A jackal skeleton (D:6)
  9 kobolds
  A quokka skeleton (D:9)
  14 rats
379 creatures vanquished.

Vanquished Creatures (others)
  An orc wizard (Orc:1)
  A plant (D:8)
2 creatures vanquished.

Grand Total: 381 creatures vanquished

Notes
Turn   | Place    | Note
--------------------------------------------------------------
     0 | D:1      | Moloch the Minotaur Fighter began the quest for the Orb.
     0 | D:1      | Reached XP level 1. HP: 19/19 MP: 0/0
   110 | D:1      | Reached skill level 3 in Axes
   116 | D:1      | Reached XP level 2. HP: 25/27 MP: 1/1
   296 | D:1      | Found a sparkling altar of Nemelex Xobeh.
   866 | D:2      | Reached skill level 4 in Axes
   870 | D:2      | Reached XP level 3. HP: 28/33 MP: 2/2
  1138 | D:2      | Found a sparkling altar of Nemelex Xobeh.
  1309 | D:2      | Found a blossoming altar of Fedhas.
  1334 | D:2      | Reached skill level 5 in Axes
  1602 | D:2      | Reached XP level 4. HP: 38/40 MP: 3/3
  1806 | D:2      | Found a shadowy altar of Dithmenos.
  2075 | D:3      | Found a faded altar to an unknown god.
  2101 | D:3      | Found a glowing golden altar of the Shining One.
  2160 | D:3      | Found a shadowy altar of Dithmenos.
  2578 | D:3      | Reached skill level 6 in Axes
  2578 | D:3      | Reached XP level 5. HP: 24/46 MP: 4/4
  2756 | D:4      | Found a staircase to the Ecumenical Temple.
  2770 | Temple   | Entered the Ecumenical Temple
  2784 | Temple   | Became a worshipper of Warmaster Okawaru
  2991 | D:4      | Reached skill level 7 in Axes
  3116 | D:4      | Reached XP level 6. HP: 52/52 MP: 5/5
  3167 | D:4      | Noticed Duvessa
  3167 | D:4      | Noticed Dowan
  3184 | D:4      | Killed Duvessa
  3184 | D:4      | Reached * piety under Okawaru
  3184 | D:4      | Reached skill level 8 in Axes
  3204 | D:4      | Killed Dowan
  3245 | D:4      | Reached skill level 9 in Axes
  3245 | D:4      | Reached XP level 7. HP: 34/58 MP: 6/6
  3799 | D:5      | Entered Level 5 of the Dungeon
  3801 | D:5      | Found an iron altar of Okawaru.
  3905 | D:5      | Found an opulent altar of Gozag.
  3947 | D:5      | Reached skill level 10 in Axes
  4107 | D:5      | Noticed turtle's ghost (novice TrWr)
  4124 | D:5      | Killed turtle's ghost
  4124 | D:5      | Reached ** piety under Okawaru
  4124 | D:5      | Reached skill level 11 in Axes
  4124 | D:5      | Reached XP level 8. HP: 10/66 MP: 7/7
  4691 | D:5      | Reached skill level 12 in Axes
  5041 | D:6      | Reached *** piety under Okawaru
  5202 | D:6      | Reached skill level 13 in Axes
  5433 | D:6      | Reached XP level 9. HP: 51/71 MP: 8/8
  5802 | D:6      | Reached skill level 14 in Axes
  6248 | D:7      | Received a gift from Okawaru
  6266 | D:7      | Reached **** piety under Okawaru
  6266 | D:7      | Reached skill level 15 in Axes
  6749 | D:7      | Reached skill level 16 in Axes
  6784 | D:7      | Reached XP level 10. HP: 57/78 MP: 9/9
  6946 | D:7      | You fall through a shaft for 3 floors!
  6946 | D:10     | Entered Level 10 of the Dungeon
  7374 | D:8      | Reached ***** piety under Okawaru
  7813 | D:8      | Reached skill level 5 in Armour
  7824 | D:8      | Reached skill level 5 in Fighting
  8184 | D:8      | Found a staircase to the Lair.
  8198 | D:8      | Reached skill level 17 in Axes
  8530 | D:8      | Found a deep blue altar of Sif Muna.
  8541 | D:8      | Found a radiant altar of Vehumet.
  8652 | D:8      | Gained mutation: You are dopey. (Int -2) [mutagenic meat]
  8653 | D:8      | Gained mutation: You are somewhat resistant to further mutation. [mutagenic meat]
  8875 | D:9      | Found a shattered altar of Ashenzari.
  8955 | D:9      | Noticed Erica
  8963 | D:9      | Killed Erica
  9450 | D:10     | Found Egroifet's Weapon Emporium.
  9467 | D:10     | Reached XP level 11. HP: 70/89 MP: 10/10
  9524 | D:10     | Found a staircase to the Orcish Mines.
  9706 | D:10     | Received a gift from Okawaru
 10118 | D:10     | Reached ****** piety under Okawaru
 10124 | D:10     | Found Zunifuba's Assorted Antiques.
 10145 | D:10     | Bought a steaming scale mail for 225 gold pieces
 10170 | D:10     | Found Ucro's Book Shoppe.
 10183 | D:10     | Identified the +0 scale mail of the Fisher {rCorr Str+4 Dex+2} (You bought it in a shop on level 10 of the Dungeon)
 10259 | D:10     | Reached skill level 1 in Dodging
 10377 | D:10     | Noticed a deep elf mage
 10378 | D:10     | Noticed a deep elf mage
 10387 | D:10     | Killed a deep elf mage
 10397 | D:10     | Killed a deep elf mage
 10735 | D:10     | Learned a level 2 spell: Blink
 10853 | D:10     | Reached skill level 18 in Axes
 10874 | Orc:1    | Entered Level 1 of the Orcish Mines
 10922 | Orc:1    | Found Suraisar's Armour Boutique.
 11053 | Orc:1    | Found Laecam's Magic Scroll Emporium.
 11158 | Orc:1    | Noticed an orc warlord
 11363 | D:10     | Killed an orc warlord
 12001 | Orc:1    | Bought a scroll of teleportation for 42 gold pieces
 12001 | Orc:1    | Bought a scroll of enchant weapon for 105 gold pieces
 12110 | Orc:1    | Found Waribiqu's Antique Weapon Emporium.
 12113 | Orc:1    | Found Wejea's Book Emporium.
 12586 | Orc:2    | Entered Level 2 of the Orcish Mines
 12660 | Orc:2    | Found a staircase to the Elven Halls.
 12669 | Orc:2    | Noticed an orc sorcerer
 12691 | Orc:1    | Killed an orc sorcerer
 12913 | Orc:2    | Noticed an orc knight
 12914 | Orc:2    | Noticed an orc high priest
 12917 | Orc:2    | Noticed an orc sorcerer
 12919 | Orc:2    | Found Jidixebi's Armour Emporium.
 12944 | Orc:1    | Received a gift from Okawaru
 13154 | Orc:2    | Noticed an orc sorcerer
 13185 | Orc:1    | Killed an orc sorcerer
 13185 | Orc:1    | Reached XP level 12. HP: 75/101 MP: 11/11
 13317 | Orc:2    | Reached skill level 19 in Axes
 13480 | Orc:1    | Killed an orc high priest
 14164 | Orc:2    | Paralysed by an orc sorcerer for 5 turns
 14174 | Orc:1    | Paralysed by an orc sorcerer for 2 turns
 14245 | Orc:2    | Noticed an orc warlord
 14278 | Orc:1    | Slain by an orc warlord

Vault maps used:
D:1:      mrwooster_arrival_statue_3, st_stairs_10, hangedman_glass_teeth,
          nemelex_xobeh_ov_fountains_minmay
D:2:      nicolae_overflow_crystal_walls, lemuel_round_altar,
          nicolae_overflow_hidden_temple
D:3:      old_standard_altar, ecumenical_altar_2,
          nicolae_dithmenos_shadow_blocks
D:4:      minmay_temple_entry_trees, first_bread, uniq_duvessa
D:5:      overflow_temple_1_default, basic_altar, minmay_strange_pillars
D:6:      st_stairs_6
D:7:      grunt_ogre_cave
D:8:      minitemple, minmay_lair_entry_grove, minmay_misc_feat_room,
          corexii_checkpoint_b
D:9:      nicolae_ashenzari_panopticon, uniq_erica
D:10:     orc_0_dummy, serial_shops, shop_coins, kennysheep_mini_moat,
          shop_statue, hangedman_minor_magic
D:11:     kennysheep_blocky_room, nrook_guardian_serpent_double
Temple:   chambers_temple_12
Orc:1:    serial_shops, shop_statue, nicolae_shop_trees, shop, shop,
          nicolae_shop_window_shopping
Orc:2:    grunt_orc_community_town_hall, grunt_orc_community_big_house_2,
          grunt_orc_community_big_house_1, grunt_orc_community_house_3,
          grunt_orc_community_house_2, grunt_orc_community_house_1,
          grunt_orc_community_house_3, lab_entry_generic, serial_shops,
          shop_coins, uniq_donald

Skill      XL: |  1  2  3  4  5  6  7  8  9 10 11 12 |
---------------+-------------------------------------+-----
Axes           | 3 4 5 6 7 9 11 13 16 17 18 19 | 19.5
Fighting       | 6 8 |  8.1
Armour         | 7 8 |  8.4
Dodging        | 3 |  3.8
Shields        | |  3.6

Action                   |  1- 3 |  4- 6 |  7- 9 | 10-12 || total
-------------------------+-------+-------+-------+-------++-------
Melee: War axe           |   113 |   134 |   336 |   803 ||  1386
       Headbutt          |    11 |    16 |    49 |   155 ||   231
Throw: Javelin           |       |       |     3 |     5 ||     8
       Throwing net      |       |       |     1 |       ||     1
Invok: Heroism           |       |       |     1 |     7 ||     8
  Use: Potion            |       |       |     3 |     2 ||     5
       Scroll            |       |       |       |    12 ||    12
 Stab: Held in net/web   |       |       |     1 |       ||     1
  Eat: Chunk             |     2 |     6 |    18 |    30 ||    56
       Royal jelly       |       |       |       |     1 ||     1
Armor: Scale mail        |    30 |       |       |       ||    30
       Plate armour      |    35 |    79 |   165 |   300 ||   579
       Skin              |       |       |    29 |     4 ||    33
       Troll leather arm |       |       |       |    12 ||    12
Dodge: Dodged            |    36 |    20 |    39 |   133 ||   228
Block: Shield            |    67 |    57 |   143 |   314 ||   581
